 Dungeon Crawl Stone Soup version 0.21.1-1-g345015f (webtiles) character file.

1327 t7DKbSm the Shield-Bearer (level 8, -3/68 HPs)
             Began as a Minotaur Fighter on May 1, 2018.
             Killed by divine providence
             ... invoked by an orc priest
              (14 damage)
             ... on level 7 of the Dungeon.
             The game lasted 00:24:12 (5254 turns).

t7DKbSm the Shield-Bearer (Minotaur Fighter)        Turns: 5254, Time: 00:24:12

Health: -3/68      AC: 12    Str: 23    XL:     8   Next: 34%
Magic:  7/7        EV:  8    Int:  5    God:
Gold:   380        SH: 16    Dex: 10    Spells: 7/7 levels left

rFire    . . .     SeeInvis +   I - +0 trident "Cacw" {flame, SInv} (curse)
rCold    . . .     Gourm    .   A - +0 large shield
rNeg     + . .     Faith    +   r - +3 ring mail {rN+}
rPois    .         Spirit   .   G - +2 hat
rElec    .         Reflect  .   (no cloak)
rCorr    .         Harm     .   u - +0 pair of gloves
MR       .....                  (no boots)
Stlth    +.........             y - amulet of faith
HPRegen  0.21/turn              C - ring of see invisible
MPRegen  0.10/turn              (no ring)

@: no status effects
A: retaliatory headbutt, horns 2
a: no special abilities


You were on level 7 of the Dungeon.
You were not hungry.

You visited 1 branch of the dungeon, and saw 7 of its levels.

You collected 380 gold pieces.

Inventory:

Hand Weapons
 a - a +0 flail
 i - a +2 dagger of flaming
 x - a +0 war axe of chopping
 I - the cursed +0 trident "Cacw" (weapon) {flame, SInv}
   (You found it on level 6 of the Dungeon)

   It has been specially enchanted to burn those struck by it, causing extra
   injury to most foes and up to half again as much damage against particularly
   susceptible opponents.
   It lets you see invisible.
   It has a curse placed upon it.
Missiles
 o - 5 poisoned tomahawks (quivered)
 w - 2 throwing nets
 F - 8 silver javelins
Armour
 b - a +0 scale mail
 c - a +0 shield
 r - a +3 ring mail of positive energy (worn)
 t - a +0 ring mail of fire resistance
 u - a +0 pair of gloves (worn)
 A - a +0 large shield (worn)
 G - a +2 hat (worn)
Jewellery
 y - an amulet of faith (around neck)
 C - a ring of see invisible (left hand)
 K - an uncursed ring of wizardry {unknown}
Wands
 v - a wand of iceblast (17)
 E - a wand of polymorph (7)
Scrolls
 e - 2 scrolls of enchant armour
 g - 4 scrolls of remove curse
 h - 2 scrolls of teleportation {unknown}
 j - 8 scrolls of identify
 k - a scroll of magic mapping {unknown}
 l - a scroll of random uselessness {unknown}
 n - a scroll of blinking {unknown}
 s - 3 scrolls of amnesia
 D - 2 scrolls of enchant weapon {unknown}
Potions
 d - a potion of might
 m - a potion of agility {unknown}
 p - a potion of berserk rage {unknown}
 q - 3 potions of brilliance
 z - a potion of curing {unknown}
 B - a potion of heal wounds {unknown}
 H - a potion of haste {unknown}
Comestibles
 f - 5 rations


   Skills:
 + Level 5.3 Fighting
 + Level 5.7(6.6) Axes
 + Level 4.4(5.8) Maces & Flails
 + Level 1.7(4.0) Polearms
 + Level 5.9 Armour
 + Level 3.4 Dodging
 + Level 0.4 Stealth
 + Level 7.1 Shields


You had 7 spell levels left.
You didn't know any spells.

Dungeon Overview and Level Annotations

Branches:
Dungeon (7/15)
 Temple: D:4-7

Altars:
Hepliaklqana
Makhleb
Okawaru
Sif Muna
Beogh

Shops:
D:5 (


Innate Abilities, Weirdness & Mutations

You reflexively headbutt those who attack you in melee.
You have a pair of horns on your head.


Message History

You block the orc warrior's attack.
You hit the orc warrior but do no damage.
You headbutt the orc warrior.
The orc warrior is lightly wounded.
You block the orc warrior's attack.
An orc comes into view.
You barely miss the orc warrior.
The orc warrior is lightly wounded.
The orc priest calls down the wrath of Beogh upon you.
Beogh smites you!
* * * LOW HITPOINT WARNING * * *
The orc priest calls upon Beogh to heal the orc warrior.
The orc warrior's wounds heal themselves!
You block the orc warrior's attack.
It was a potion of cancellation.
You feel magically purged. The orc warrior hits you with a flail.
* * * LOW HITPOINT WARNING * * *
The orc priest invokes the aid of Beogh against you.
Beogh smites you!
You die...

####.###.#######..###.####
... #.## #..# #.)... ###
#..# #..# ###### ##.# #..#
##.## #..# #.©.# #..#
##### #..# #############.#
#oooo@....# #..
#.oo#####...#### #.. #)#
)# #.


Oo[ # 8o8. .$ooo. .8.8o## .....o. You could see a two-headed ogre, 2 orc
warriors, 3 orc priests, an orc wizard and 7 orcs.

Vanquished Creatures
  A sky beast (D:6)
  An ice beast (D:5)
  3 ogres
  The ghost of inc the Conjurer, an amateur OpWz (D:3)
  2 bullfrogs
  A scorpion (D:7)
  A crimson imp (D:7)
  A quasit (D:7)
  3 jellies
  A bullfrog skeleton (D:6)
  A bullfrog zombie (D:5)
  A centaur skeleton (D:6)
  5 worker ants
  4 gnolls
  2 howler monkey skeletons
  10 adders
  An ooze (D:1)
  2 worms
  3 dart slugs (D:1)
  4 leopard geckos
  14 orcs
  2 bats
  A giant cockroach (D:1)
  3 goblins
  3 hobgoblins
  5 jackals (D:2)
  9 kobolds
  5 quokkas
  2 ball pythons
  6 frilled lizards
  A leopard gecko skeleton (D:4)
  26 rats
125 creatures vanquished.

Vanquished Creatures (others)
  An orc wizard (D:6)
1 creature vanquished.

Grand Total: 126 creatures vanquished

Notes
Turn   | Place    | Note
-------+----------+-------------------------------------------
     0 | D:1      | t7DKbSm the Minotaur Fighter began the quest for the Orb.
     0 | D:1      | Reached XP level 1. HP: 19/19 MP: 0/0
     0 | D:1      | Noticed a centaur
     0 | D:1      | Noticed a vine stalker
     1 | D:1      | Noticed a vampire
     3 | D:1      | Noticed a felid
     6 | D:1      | Noticed a centaur
     7 | D:1      | Noticed an octopode
     8 | D:1      | Noticed a centaur
    11 | D:1      | Noticed a dwarf
    13 | D:1      | Noticed a minotaur
    15 | D:1      | Noticed an octopode
    17 | D:1      | Noticed a ghoul
    19 | D:1      | Noticed a centaur
    19 | D:1      | Noticed an ogre
   118 | D:1      | Reached XP level 2. HP: 15/27 MP: 1/1
   298 | D:1      | Reached skill level 4 in Shields
   400 | D:1      | Reached XP level 3. HP: 32/33 MP: 2/2
  1152 | D:2      | Reached XP level 4. HP: 23/40 MP: 3/3
  1498 | D:3      | Reached XP level 5. HP: 24/47 MP: 4/4
  1552 | D:3      | Found a hazy altar of Hepliaklqana.
  1602 | D:3      | Reached skill level 1 in Dodging
  1655 | D:3      | Noticed inc's ghost (amateur OpWz)
  1664 | D:3      | Killed inc's ghost
  1664 | D:3      | Reached skill level 5 in Shields
  1992 | D:3      | Found a deep blue altar of Sif Muna.
  2360 | D:3      | Reached XP level 6. HP: 53/53 MP: 5/5
  2554 | D:4      | Reached skill level 1 in Axes
  2687 | D:4      | Reached skill level 5 in Armour
  2937 | D:5      | Entered Level 5 of the Dungeon
  3141 | D:5      | Noticed an ice beast
  3150 | D:5      | Killed an ice beast
  3150 | D:5      | Reached XP level 7. HP: 54/60 MP: 6/6
  3179 | D:5      | Found a hazy altar of Hepliaklqana.
  3214 | D:5      | Found an iron altar of Okawaru.
  3415 | D:5      | Found Romohaje's Weapon Emporium.
  3709 | D:6      | Reached skill level 6 in Shields
  3751 | D:6      | Reached skill level 5 in Fighting
  3787 | D:6      | Reached skill level 5 in Axes
  4130 | D:6      | Found a deep blue altar of Sif Muna.
  4162 | D:6      | Reached XP level 8. HP: 29/68 MP: 7/7
  4480 | D:6      | Got a jewelled trident
  4481 | D:6      | Identified the cursed +0 trident "Cacw" {flame, SInv} (You found it on level 6 of the Dungeon)
  4722 | D:6      | Found a burning altar of Makhleb.
  5079 | D:7      | Found a transporter.
  5089 | D:7      | Reached skill level 1 in Polearms
  5089 | D:7      | Reached skill level 7 in Shields
  5244 | D:7      | Found a roughly hewn altar of Beogh.
  5245 | D:7      | Noticed a two-headed ogre
  5254 | D:7      | Killed from afar by an orc priest

Skill      XL: |  1  2  3  4  5  6  7  8 |
---------------+-------------------------+-----
Fighting       | 4 5 |  5.3
Armour         | 4 5 |  5.9
Shields        | 4 5 6 7 |  7.1
Maces & Flails | 3 4 |  4.4
Dodging        | 1 3 |  3.4
Axes           | 3 5 |  5.7
Polearms       | 1 |  1.7
Stealth        | |  0.4

Action                   |  1- 3 |  4- 6 |  7- 9 || total
-------------------------+-------+-------+-------++-------
Melee: Flail             |    77 |    94 |       ||   171
       Headbutt          |    11 |    21 |    17 ||    49
       War axe           |       |    96 |    50 ||   146
       Trident           |       |       |    52 ||    52
  Use: Scroll            |       |     2 |     2 ||     4
       Potion            |       |       |     1 ||     1
  Eat: Ration            |     1 |     1 |     2 ||     4
       Chunk             |       |     2 |       ||     2
Armor: Scale mail        |    17 |       |       ||    17
       Ring mail         |    18 |    71 |    33 ||   122
Dodge: Dodged            |    32 |    76 |    20 ||   128
Block: Shield            |    45 |    95 |       ||   140
       Large shield      |       |    50 |    79 ||   129
